 Dungeon Sprint DCSS version 0.30-a0-1163-gf69bf04e7a (webtiles) character file.

Game seed: 16213237799566993711

1386 sircluck the Severer (level 8, -3/86 HPs)
             Began as a Hill Orc Berserker on Apr 28, 2023.
             Was a High Priest of Trog.
             Slain by a brown ugly thing (16 damage)
             ... in the Dungeon (Sprint IX: "|||||||||||||||||||||||||||||").
             The game lasted 00:01:19 (520 turns).

sircluck the Severer (Hill Orc Berserker)            Turns: 520, Time: 00:01:21

Health: -3/86      AC:  1    Str: 22    XL:     8   Next: 67%
Magic:  8/8        EV: 14    Int:  7    God:    Trog [*****.]
Gold:   0          SH:  0    Dex: 10    Spells: 7/7 levels left

rFire   . . .        k - +3 war axe (freeze)
rCold   . . .        (no shield)
rNeg    . . .        n - +2 ring mail
rPois   .            (no helmet)
rElec   .            m - +0 cloak
rCorr   .            (no gloves)
SInv    .            l - +0 pair of boots
Will    .....        (no amulet)
Stlth   +            p - +2 ring of protection
HPRegen 0.34/turn    o - +2 ring of evasion
MPRegen 0.11/turn

%: no teleportation
@: corroded, on berserk cooldown, slowed, very slow
A: no striking features
a: Renounce Religion, Berserk, Trog's Hand, Brothers in Arms


You were in the Dungeon.
You worshipped Trog.
Trog was extremely pleased with you.
You visited 1 branch

Inventory:

Hand Weapons
 a - a +0 hand axe
 k - a +3 war axe of freezing (weapon)
Armour
 b - a +0 animal skin
 l - a +0 pair of boots (worn)
 m - a +0 cloak (worn)
 n - a +2 ring mail (worn)
Jewellery
 o - a +2 ring of evasion (right hand)
 p - a +2 ring of protection (left hand)
Wands
 j - a wand of roots (10)
Scrolls
 h - 2 scrolls of blinking
Potions
 c - 5 potions of curing
 d - 2 potions of heal wounds
 e - a potion of haste
 f - 4 potions of magic
 g - a potion of berserk rage
 i - a potion of invisibility


   Skills:
 + Level 13.1 Fighting
 + Level 16.9 Axes
 + Level 6.4 Armour
 + Level 5.4 Dodging
 + Level 0.4 Stealth


You had 7 spell levels left.
You didn't know any spells.
Your spell library was empty.

Dungeon Overview and Level Annotations

Branches:
Dungeon (1/1)

Altars:
Cheibriados
Dithmenos
Elyvilon
Fedhas
Gozag
Hepliaklqana
Kikubaaqudgha
Makhleb
Nemelex Xobeh
Okawaru
Qazlal
Ru
Sif Muna
Trog
Uskayaw
Vehumet
Wu Jian
Xom
Yredelemnul
Zin
The Shining One
Beogh
Jiyva
Lugonu


Message History

The boulder beetle is severely wounded.
The boulder beetle bites you but does no damage.
You slash the boulder beetle! You freeze the boulder beetle.
The boulder beetle is almost dead.
You are no longer berserk.
You are exhausted.
You feel yourself slow down.
You slash the boulder beetle! You freeze the boulder beetle.
The boulder beetle is almost dead.
The boulder beetle bites you!
You hit the boulder beetle but do no damage.
The boulder beetle is almost dead.
The boulder beetle leaps!
You slash the brown ugly thing! You freeze the brown ugly thing.
The brown ugly thing is moderately wounded.
The boulder beetle curls into a ball and begins rolling!
The brown ugly thing barely misses you.
You hit the brown ugly thing. You freeze the brown ugly thing.
The brown ugly thing is moderately wounded.
The brown ugly thing claws you. The acid corrodes you!
You are splashed with acid!
The boulder beetle stops rolling and uncurls.
You hit the brown ugly thing but do no damage.
The brown ugly thing is moderately wounded.
The brown ugly thing claws you!
You are splashed with acid!
The boulder beetle leaps!
You feel much better.
The boulder beetle leaps!
The brown ugly thing claws you! The acid corrodes you!
You are splashed with acid.
You hit the brown ugly thing. You freeze the brown ugly thing.
The brown ugly thing is moderately wounded.
The brown ugly thing claws you. The acid corrodes you!
You are splashed with acid!
* * * LOW HITPOINT WARNING * * *
Your deep troll goes berserk!
The brown ugly thing claws you.
* * * LOW HITPOINT WARNING * * *
You are splashed with acid!
* * * LOW HITPOINT WARNING * * *
The brown ugly thing claws you!
You die...

▓[▓
▓)▓
▓)▓
▓[▓
▓)▓
▓.▓
▓T▓
▓†▓
▓@▓
▓u▓
▓.▓
▓.▓
▓.▓
▓.▓
▓+▓


You could see a brown ugly thing (ally target) and a friendly deep troll
(summoned, berserk).

Vanquished Creatures
  A gargoyle (D)
  A troll (D)
  A slime creature (D)
  A vampire mosquito (D)
  2 acid dragons (D)
  An orc warrior (D)
  An ice beast (D)
  A scorpion (D)
  A killer bee (D)
  A hound (D)
  2 orc wizards (D)
  An adder (D)
  A dart slug (D)
  A goblin (D)
  A hobgoblin (D)
  2 kobolds (D)
19 creatures vanquished.

Notes
Turn   | Place    | Note
-------+----------+-------------------------------------------
     0 | D        | sircluck the Hill Orc Berserker began the quest for the
                  | Orb.
     0 | D        | Reached XP level 1. HP: 19/19 MP: 1/1
     9 | D        | Reached ** piety under Trog
    17 | D        | Reached skill level 5 in Axes
    17 | D        | Reached XP level 2. HP: 22/28 MP: 2/2
    46 | D        | Noticed a scorpion
    46 | D        | Noticed an ice beast
    54 | D        | Killed a scorpion
    55 | D        | Reached skill level 7 in Axes
    55 | D        | Reached XP level 3. HP: 15/38 MP: 3/3
    55 | D        | Reached XP level 4. HP: 18/45 MP: 4/4
    57 | D        | Reached *** piety under Trog
    58 | D        | Reached skill level 8 in Axes
    63 | D        | Reached skill level 9 in Axes
    67 | D        | Reached XP level 5. HP: 20/53 MP: 5/5
    72 | D        | Killed an ice beast
    72 | D        | Reached **** piety under Trog
    73 | D        | Reached skill level 11 in Axes
    73 | D        | Reached XP level 6. HP: 11/63 MP: 6/6
   255 | D        | Found a roughly hewn altar of Beogh.
   255 | D        | Found a snail-covered altar of Cheibriados.
   255 | D        | Found a shadowy altar of Dithmenos.
   255 | D        | Found a white marble altar of Elyvilon.
   255 | D        | Found a blossoming altar of Fedhas.
   255 | D        | Found an opulent altar of Gozag.
   256 | D        | Found a hazy altar of Hepliaklqana.
   257 | D        | Found a viscous altar of Jiyva.
   258 | D        | Found an ancient bone altar of Kikubaaqudgha.
   259 | D        | Found a corrupted altar of Lugonu.
   260 | D        | Found a burning altar of Makhleb.
   261 | D        | Found a sparkling altar of Nemelex Xobeh.
   262 | D        | Found an iron altar of Okawaru.
   263 | D        | Found a stormy altar of Qazlal.
   264 | D        | Found a sacrificial altar of Ru.
   265 | D        | Found a shimmering blue altar of Sif Muna.
   266 | D        | Found a bloodstained altar of Trog.
   267 | D        | Found a hide-covered altar of Uskayaw.
   268 | D        | Found a radiant altar of Vehumet.
   269 | D        | Found an ornate altar of the Wu Jian Council.
   270 | D        | Found a shimmering altar of Xom.
   271 | D        | Found a basalt altar of Yredelemnul.
   272 | D        | Found a glowing silver altar of Zin.
   273 | D        | Found a glowing golden altar of the Shining One.
   326 | D        | Noticed a troll
   326 | D        | Noticed a gargoyle
   326 | D        | Noticed an orc warrior
   326 | D        | Noticed an acid dragon
   330 | D        | Killed a troll
   331 | D        | Reached skill level 10 in Fighting
   331 | D        | Reached skill level 13 in Axes
   334 | D        | Killed a gargoyle
   335 | D        | Reached skill level 14 in Axes
   335 | D        | Reached skill level 5 in Armour
   335 | D        | Reached XP level 7. HP: 75/75 MP: 7/7
   338 | D        | Reached skill level 15 in Axes
   338 | D        | Reached skill level 5 in Dodging
   342 | D        | Reached XP level 8. HP: 83/83 MP: 8/8
   346 | D        | Reached ***** piety under Trog
   490 | D        | Noticed a slime creature
   490 | D        | Noticed a shadow
   490 | D        | Noticed a brown ugly thing
   490 | D        | Noticed a boulder beetle
   496 | D        | Reached skill level 16 in Axes
   504 | D        | Killed a slime creature
   520 | D        | Slain by a brown ugly thing

Illustrated notes

Levels and vault maps discovered:
D:        linesprint [early_d, line_temple, items_1, d_10, items_2, lair_1,
          lair_end, items_3, orc_1, orc_end, items_4, d_15, swamp_1, shoals_1,
          snake_1, spider_1, d_20, vaults_1, items_5, swamp_end, shoals_end,
          snake_end, spider_end, vaults_end, d_27, items_6, zot_1, zot_end,
          crypt_end, forest_end, elf_end, slime_end, tomb_end, abyss_end,
          pan_hell_end]

Skill      XL: |  1  2  3  4  5  6  7  8 |
---------------+-------------------------+-----
Fighting       | 4 6 8 9 11 12 13 | 13.1
Axes           | 5 7 9 11 14 15 16 | 16.9
Armour         | 3 4 5 6 |  6.4
Dodging        | 2 3 4 5 |  5.4
Stealth        | |  0.4

Action                     |  1- 3 |  4- 6 |  7- 9 || total
---------------------------+-------+-------+-------++-------
  Melee: Hand axe          |    20 |    15 |       ||    35
         War axe           |       |     6 |    34 ||    40
         Punch             |       |       |     1 ||     1
 Invoke: Berserk           |       |     2 |     1 ||     3
         Brothers in Arms  |       |       |     1 ||     1
    Use: Potion            |       |       |     1 ||     1
 Armour: Animal skin       |     1 |       |       ||     1
         Ring mail         |       |     2 |     9 ||    11
  Dodge: Dodged            |    10 |    17 |     9 ||    36

Table legend: (Time is in decaauts)
 A = Elapsed time spent in this place.
 B = Non-inter-level travel time spent in this place.
 C = Inter-level travel time spent in this place.
 D = Time resting spent in this place.
 E = Time spent auto-exploring this place.
 F = Levels seen in this place.
 G = Mean time per level.
                   A        B        C        D        E       F      G
               +--------+--------+--------+--------+--------+-----+--------+
         Total |    515 |    494 |     21 |    148 |    221 |   1 |  515.0 |
       Dungeon |    515 |    494 |     21 |    148 |    221 |   1 |  515.0 |
               +--------+--------+--------+--------+--------+-----+--------+

Top non-repeatable levels by time:
       D: 515 daAuts
